[Event "Cattolica Chess Festival 2022"]
[Site "Cattolica"]
[Date "2022.06.05"]
[Round "2.8"]
[White "Schmider, Niklas"]
[Black "Sala, Giulia"]
[Result "1-0"]
[ECO "C60"]
[WhiteElo "2393"]
[BlackElo "1863"]
[Annotator "TA"]
[PlyCount "75"]
[EventDate "2022.06.04"]
[EventCountry "ITA"]
[SourceTitle "playchess.com"]
[Source "ChessBase"]
[SourceQuality "1"]
[TimeControl "5400+30"]

1. e4 e5 2. Nf3 Nc6 3. Bb5 Nge7 4. c3 g6 5. d4 exd4 6. cxd4 a6 {[%emt 0:00:08] C60: Ruy Lopez: Unusual Black 3rd moves and 3...g6.} 7. Ba4 b5 8. Bb3 Bg7 {[%emt 0:00:40] The position is equal.} 9. d5 Na5 10. Bd2 Nxb3 ({Much less strong is} 10... Bxb2 11. Bxa5 Bxa1 12. Nc3 (12. d6 Nc6 $11) 12... Bxc3+ 13. Bxc3 $16) 11. axb3 Bxb2 {[%emt 0:05:22] [#]} 12. Nc3 $1 {[%emt 0:04:21][%cal Bb1c3,Bc3b5,Bb5c7][%mdl 32] [#] Strongly threatening Ra2.} Bxa1 $146 (12... b4 13. Na4) ({Predecessor:} 12... b4 13. Na4 Bg7 14. Bxb4 d6 15. Rc1 a5 16. Bc3 Bxc3+ 17. Nxc3 Ba6 18. Qd4 O-O {½-½ (39) Yoo,C (2455)-Khanin,S (2482) Chess.com INT 2020}) 13. Qxa1 {[%emt 0:00:08] Hoping for Nxb5.} O-O 14. Bh6 f6 15. Bxf8 Qxf8 16. Nxb5 {[%emt 0:00:00][%mdl 64] [#] Pin} c6 (16... Bb7 $5 17. Nxc7 Rc8 $11) 17. Nc7 Ra7 18. d6 {[%emt 0:00:00] Qd4 is the strong threat.} Nf5 {[%emt 0:06:05] Prevents Qd4.} 19. exf5 Qxd6 20. O-O {[%emt 0:00:00] aiming for Ne8.} Rxc7 21. fxg6 hxg6 22. Nh4 Kf7 23. Re1 $36 {[%emt 0:00:00][%mdl 3072] And now Qc3 would win. White has compensation. Black is under pressure.} Qb4 {[%emt 0:01:56][%csl LRb3,LRh4] Against Qc3} 24. g3 d5 25. Qb1 f5 26. Qc1 Qd6 {[%emt 0:04:42] This move loses the game for Black.} (26... f4 $14) 27. Qh6 $18 Qf6 (27... Re7 $142 28. Rxe7+ Kxe7) 28. Nf3 {[%emt 0:00:00] Threatens to win with Ng5+.} ({Not} 28. Qh7+ Qg7 29. Qxg7+ Kxg7 $17) 28... Re7 29. Qh7+ Kf8 $2 (29... Ke8 30. Rxe7+ Qxe7 31. Qxg6+ Kd7) 30. Rxe7 {[%emt 0:00:00][%mdl 64] Deflection} Qxe7 {[%emt 0:00:07][%mdl 4096] Endgame KQB-KQN} 31. Qh8+ {[%emt 0:00:00][%mdl 64] Skewer} Kf7 32. Qxc8 c5 33. Qc6 d4 34. Qxa6 Kg7 35. Qc4 Qe4 36. Ng5 {[%emt 0:00:12] Qf7+ would kill now.} Qb1+ 37. Kg2 {[%emt 0:00:09] White threatens Qf7+ and mate.} d3 38. Qf7+ {[%emt 0:00:09] Weighted Error Value: White=0.04 (flawless) /Black=0.51} 1-0

[Event "Cattolica Chess Festival 2022"]
[Site "Cattolica"]
[Date "2022.06.05"]
[Round "2.9"]
[White "Paleologu, Vladimir"]
[Black "Willow, Jonah B"]
[Result "0-1"]
[ECO "B71"]
[WhiteElo "2008"]
[BlackElo "2401"]
[Annotator "TA"]
[PlyCount "114"]
[EventDate "2022.06.04"]
[EventCountry "ITA"]
[SourceTitle "playchess.com"]
[Source "ChessBase"]
[SourceQuality "1"]
[TimeControl "5400+30"]

1. e4 c5 2. Nf3 Nc6 3. d4 cxd4 4. Nxd4 g6 5. f4 Bg7 6. Nf3 d6 7. Nc3 Nf6 8. Bd3 O-O 9. O-O a6 {[%emt 0:04:51] 9...Bg4 is the hot move.} 10. a3 {[%emt 0:00:00] B71: Sicilian Dragon: 6 f4.} b5 11. Kh1 Bb7 12. Qe1 {[%emt 0:00:00] The position is equal.} e6 13. Bd2 (13. f5 {seems wilder.} Qe7 14. Qh4 Nd7 15. Bg5) 13... Rc8 {[%emt 0:01:29] [#]} 14. Rd1 $146 ({Predecessor:} 14. Qh4 Nh5 15. Qh3 f5 16. Rae1 Qd7 17. exf5 exf5 18. Nd5 Rce8 19. Bc3 Bxc3 20. Nxc3 Nxf4 {0-1 (38) Dushyant,S (2270)-Sapunov,E (2461) Chess.com INT 2021}) 14... b4 (14... Re8 $11) 15. Nb1 $14 bxa3 16. Nxa3 Nd7 17. c3 Qe7 18. Bb1 a5 19. Be3 Nf6 20. Nc4 Ba6 21. Nxd6 Rcd8 {[%emt 0:00:33] [#]} 22. Bc5 $1 Bxf1 23. Qxf1 e5 (23... Qc7 $14) 24. b4 ({Better is} 24. Ba2 $16 {Hoping for Ng5.} Ne8 25. fxe5) 24... axb4 $11 25. cxb4 Qe6 {[%emt 0:01:38][%mdl 8192] Inhibits Ba2.} (25... exf4 $11 {and Black stays safe.} 26. Ng5 Ng4 27. Ngxf7 Ra8) 26. f5 $2 (26. Ng5 $18 Qb3 27. Rd3 (27. b5 Na5 $16)) 26... Qb3 $16 27. Rd3 (27. Bd3 $142 $1 Rxd6 28. Bxd6) 27... Qa4 28. b5 Nb4 29. Rd2 Nd7 {[%emt 0:00:23] [#]} (29... Qb3 $1 $14) 30. Nb7 ({White should play} 30. Nxf7 $1 $16 Rxf7 31. Ng5 (31. Qc4 Bf6 $16)) 30... Nxc5 $14 31. Nxd8 Bf6 32. Nc6 Nxc6 33. Ra2 {[%emt 0:00:00] [#]} Qb4 34. bxc6 Nxe4 {[%emt 0:00:00] Strongly threatening ...Nc3.} 35. fxg6 hxg6 {[%emt 0:00:00] White must now prevent ...Nc3.} 36. Rc2 Nc3 {[%emt 0:00:00] aiming for ...e4.} 37. Nd2 Bg5 {[%emt 0:00:00] Threatens to win with ...Bxd2.} 38. Nf3 {[%emt 0:00:00] [#]} (38. Qc4 $11 {keeps the balance.} Qxc4 39. Nxc4) 38... Bf4 $1 $17 {[%emt 0:00:00] 0x0.001aa05153f8dp-1022s more active pieces.} 39. Ba2 ({Much weaker is} 39. Qe1 Qxb1 40. Qxb1 (40. Rxc3 $2 Qxe1+ 41. Nxe1 Bd2 $19) 40... Nxb1 $19) 39... e4 40. Nh4 (40. Ng1 $17 {was worth a try.} Be5 41. Bc4) 40... Nxa2 $19 41. Rxa2 Bg5 $40 {[%emt 0:00:16][%mdl 128] Black attacks with force.} 42. g3 Qc5 {[%emt 0:01:19] Prevents Rc2.} 43. Qa6 $2 (43. Re2) 43... Rd8 44. Qa4 {[%emt 0:00:00] Inhibits Rd1+.} Bxh4 45. gxh4 {[%emt 0:00:00][%mdl 4096] Endgame KQR-KQR} e3 46. Kg2 Rd4 47. Qa8+ Kg7 48. c7 Qxc7 49. Re2 Qf4 $2 (49... Rg4+ {mates} 50. Kh3 Qf4 51. Qa1+ Kh7 52. Qf6 Qxf6 53. Kxg4 Qf5+ 54. Kg3 Qe4 55. Re1 f5 56. h3 f4+ 57. Kh2 Qc2+ 58. Kh1 f3 59. Rg1 Qf2 60. h5 e2 61. hxg6+ Kg7 62. Rg5 e1=Q+ 63. Rg1 Qfxg1#) 50. Qf3 Qxh4 51. Qxe3 Qg4+ 52. Kf2 $2 (52. Kh1 $17) 52... Rf4+ 53. Ke1 Qh4+ (53... Kh7 $142 54. Qg3 Qf5) 54. Qg3 Qf6 {[%emt 0:00:02] ( -> ...Rf1+)} 55. Qa3 Rf1+ {[%emt 0:00:09] Black mates.} 56. Kd2 Qd4+ 57. Kc2 Qd1+ {[%emt 0:00:06] Black used his chance.  Weighted Error Value: White=0.84/Black=0.50} 0-1

[Event "Cattolica Chess Festival 2022"]
[Site "Cattolica"]
[Date "2022.06.05"]
[Round "2.10"]
[White "Mashchenko, Tamila"]
[Black "Trost, Edvin"]
[Result "0-1"]
[ECO "A53"]
[WhiteElo "1938"]
[BlackElo "2366"]
[Annotator "TA"]
[PlyCount "56"]
[EventDate "2022.06.04"]
[EventCountry "ITA"]
[SourceTitle "playchess.com"]
[Source "ChessBase"]
[SourceQuality "1"]
[TimeControl "5400+30"]

1. d4 Nf6 2. c4 d6 3. Nc3 Nbd7 4. e4 e5 5. d5 Be7 6. Be3 O-O 7. f3 Nh5 {[%emt 0:03:53] A53: Old Indian Defence without Nf3.} 8. g3 {[%emt 0:03:45] [#]} g6 $146 ({Predecessor:} 8... f5 9. exf5 Bg5 10. Qd2 Be7 11. Ne4 a5 12. Nh3 Nb6 13. g4 Bh4+ 14. Kd1 Nf6 15. Bg5 Nxe4 16. fxe4 Bxg5 17. Nxg5 {0-1 (38) Emrich,E (1760)-Heymann,W (1851) Hofheim 2013}) 9. Qd2 f5 {[%emt 0:01:33] White is slightly better.} 10. Bh6 Rf7 11. Nh3 {[%emt 0:00:14] Prevents f4.} (11. exf5 $16 gxf5 12. Nh3) 11... f4 $1 $11 12. gxf4 (12. O-O-O $11) 12... Bh4+ (12... exf4 $5 13. Qg2 Bf8 14. Bxf8 Rxf8 $11) 13. Kd1 Nxf4 14. Nxf4 exf4 15. Bxf4 Qf6 $1 16. Ne2 Ne5 $36 {[%emt 0:03:40][%mdl 2048] Black has good play.} 17. Bxe5 {[%emt 0:00:32] White does not recover from this.} (17. Qc3 $1 $15) 17... Qxf3 $19 ({Stronger than} 17... dxe5 18. Bg2 $17) 18. Rg1 {[%emt 0:01:37] [#] Hoping for Bd4.} dxe5 {[%emt 0:00:08] Really sharp!} 19. Bg2 Qh5 20. h3 $2 ({But not} 20. Kc2 $2 Rf2 21. Rae1 Bg4 $19) (20. Rf1 {nothing else works.} Rxf1+ 21. Bxf1) 20... Rf2 21. Qd3 Bd7 22. Rc1 Raf8 23. b3 Bg5 {[%emt 0:00:55] A strong pair of Bishops.} 24. Rb1 {[%emt 0:00:10] [#]} Bxh3 $1 25. Bxh3 (25. Re1 Bxg2) 25... R8f3 {[%emt 0:00:10] Black mates.} 26. Qc2 Qxh3 27. Rxg5 Qf1+ 28. Kd2 Rxe2# {[%emt 0:00:05] Weighted Error Value: White=1.04/Black=0.08 (flawless)} 0-1

[Event "Cattolica Chess Festival 2022"]
[Site "Cattolica"]
[Date "2022.06.06"]
[Round "3.1"]
[White "Pantsulaia, Levan"]
[Black "Padmini, Rout"]
[Result "1-0"]
[ECO "B38"]
[WhiteElo "2587"]
[BlackElo "2348"]
[Annotator "TA"]
[PlyCount "69"]
[EventDate "2022.06.04"]
[EventCountry "ITA"]
[SourceTitle "playchess.com"]
[Source "ChessBase"]
[SourceQuality "1"]
[TimeControl "5400+30"]

1. Nf3 c5 2. c4 Nc6 3. d4 cxd4 4. Nxd4 Nf6 5. Nc3 g6 6. e4 d6 7. Be2 Bg7 8. Be3 O-O 9. O-O Bd7 10. Nc2 Qa5 11. h3 $5 {[%emt 0:02:38][%mdl 4] An interesting side line. B38: Sicilian: Maroczy Bind with 5...Bg7 and 7...0-0.} Rfc8 {[%emt 0:02:31] [#]} 12. Qe1 $146 ({Predecessor:} 12. Na3 Be6 13. f4 Nd7 14. Nab5 a6 15. f5 axb5 16. fxe6 fxe6 17. Bg4 Nd8 18. Nd5 exd5 19. Bxd7 Rxc4 20. Qxd5+ {½-½ (40) Froewis,G (2433)-Petursson,M (2520) Reykjavik 2015}) 12... a6 13. a4 {[%emt 0:10:29] Prevents b5. The position is equal.} Qd8 (13... Be6 $11) 14. f4 Na5 15. e5 Ne8 {[%emt 0:02:08] [#]} 16. Nd5 $1 {[%emt 0:09:28] Bb6 is the strong threat.} Nxc4 17. Bxc4 {[%emt 0:00:06][%mdl 64] Remove Defender} (17. Qh4 Nxe3 18. Ncxe3 e6 19. Qxd8 (19. Ne7+ $2 Kf8 $19) 19... Rxd8 $17) 17... Rxc4 18. Bb6 Nc7 19. Nce3 {[%emt 0:10:38] 0x0.001aa0baa830dp-1022s more active pieces.} ({Resist} 19. Nxc7 $6 Rxc2 20. Nxa8 Qxa8 $14) ({And not} 19. Bxc7 Rxc7 20. Nxc7 Qxc7 $17) 19... Nxd5 (19... Rc6 $16) 20. Bxd8 $18 Nxe3 21. Qxe3 Rxd8 22. b3 Rcc8 23. Rac1 dxe5 24. fxe5 {[%emt 0:00:16] Strongly threatening Qf3.} Rxc1 (24... Bc6 {was necessary.} 25. Qf4 f5 26. exf6 Bxf6) 25. Rxc1 ({Weaker is} 25. Qxc1 Bxe5 26. Qc5 Bd6 $16) 25... Bc6 (25... Be6 $142 26. Qb6 Rd3 27. Qxb7 Bxe5 28. Qxe7 Rxb3) 26. Qb6 Rd2 27. Rxc6 bxc6 28. Qxa6 Bxe5 29. Qxc6 {[%emt 0:01:01][%mdl 4096] Endgame KQ-KRB} Rb2 30. Qc5 {[%emt 0:01:50][%csl LRe5,LRe7] White is clearly winning.} Rb1+ 31. Kf2 Rb2+ (31... Ba1 $142 32. Qxe7 Rb2+ 33. Kg1 Rxb3) 32. Kf1 Rb1+ 33. Ke2 Bd6 34. Qc2 Ra1 35. Qc8+ {[%emt 0:00:10] White took control after the opening.  Weighted Error Value: White=0.05 (flawless) /Black=0.39} 1-0

[Event "Cattolica Chess Festival 2022"]
[Site "Cattolica"]
[Date "2022.06.06"]
[Round "3.2"]
[White "Willow, Jonah B"]
[Black "Basso, Pier Luigi"]
[Result "0-1"]
[ECO "C48"]
[WhiteElo "2401"]
[BlackElo "2570"]
[Annotator "TA"]
[PlyCount "120"]
[EventDate "2022.06.04"]
[EventCountry "ITA"]
[SourceTitle "playchess.com"]
[Source "ChessBase"]
[SourceQuality "1"]
[TimeControl "5400+30"]

1. e4 e5 2. Nf3 Nc6 3. Nc3 Nf6 4. Bb5 Nd4 5. Nxd4 exd4 6. e5 dxc3 7. exf6 Qxf6 8. dxc3 Qe5+ 9. Be2 b6 $5 {[%emt 0:05:09][%mdl 4] Exploring less charted territory. C48: Four Knights: 4 Bb5, replies other than 4...Bb4.} 10. Be3 Bb7 11. Bf3 {[%emt 0:00:03] [#]} d5 $146 {[%emt 0:04:53] The position is equal.} ({Predecessor:} 11... O-O-O 12. Bxb7+ Kxb7 13. Qf3+ d5 14. O-O-O Be7 15. Bd4 Bg5+ 16. Kb1 Qf4 17. Qd3 Qe4 18. Bxg7 {1-0 (50) Bar Ziv,I (2197)-Huzita,S (2181) ICCF email 2015}) 12. Qd4 (12. Qd3 {is interesting.} Bc5 13. O-O Bxe3 14. Rfe1) 12... Qxd4 13. cxd4 Bd6 14. O-O O-O-O 15. Rfe1 c6 16. Bg5 Rde8 17. Bh5 Rxe1+ 18. Rxe1 f6 19. Bh4 Rf8 20. Bg3 Bxg3 21. hxg3 $11 {[%emt 0:00:54][%mdl 4096] Endgame KRB-KRB} Kd7 {[%emt 0:00:04] Against Re7+} 22. Bg4+ f5 23. Bf3 Kd6 24. Re3 Bc8 25. b4 f4 26. gxf4 Rxf4 27. c3 Be6 28. g3 Rf7 29. Bd1 Rf8 30. Bc2 h6 31. Kg2 Ra8 32. f4 a5 {[%emt 0:00:00] aiming for ...axb4.} 33. a3 Rc8 34. f5 Bd7 35. Re5 Ra8 36. b5 (36. g4 $11) 36... cxb5 $17 37. Bb3 Rf8 (37... b4 $1 $17 {...a4 is the strong threat.} 38. cxb4 (38. Rxd5+ $2 Kc7 $19) (38. axb4 axb4 39. cxb4 Ra3 $17) 38... axb4 39. axb4 (39. Rxd5+ $2 Kc7 $19) 39... Ra3 40. Bxd5 Rd3) 38. Rxd5+ {[%emt 0:00:40] [#]} (38. g4 $1 $11 {keeps the balance.}) 38... Kc7 $1 {[%emt 0:00:00] White must now prevent ...Bc6. Black continues to play with concentration.} 39. Re5 Bxf5 40. Bd1 Bd3 41. Re7+ (41. Bf3 $17 {was necessary.}) 41... Kd6 $19 42. Rxg7 Be4+ 43. Kg1 (43. Kh3 {is a better defense.}) 43... Rc8 44. Rg4 Bd3 ({Stronger than} 44... Rxc3 45. Rxe4 Kd5 46. Rf4 $11 (46. Re5+ Kxd4 47. Re6 Rxg3+ 48. Kf2 Rxa3 $11)) 45. Rh4 Rxc3 {[%emt 0:00:00] Hoping for ...Rc1.} 46. Bf3 $2 (46. Kf2) 46... b4 47. axb4 axb4 {[%emt 0:00:00] Threatens to win with ...b3.} 48. Rxh6+ (48. d5 {was the only defense.} Bc4 49. Kf2) 48... Kc7 49. d5 {[%emt 0:00:53] [#]} Bf5 $1 ({Not} 49... b3 50. d6+ Kd8 51. Bg4 $11) 50. g4 (50. d6+ $142 Kd7 51. Be2 Rc1+ 52. Kg2) 50... Rxf3 51. gxf5 Rxf5 {[%emt 0:00:00] KR-KR} 52. Rc6+ Kb7 53. Rc4 Rxd5 {[%emt 0:00:00] ( -> ...Rb5)} 54. Kf2 Rb5 {[%emt 0:00:00] Black mates.} 55. Rc2 b3 56. Rb2 Ka6 57. Ke3 Ka5 58. Kd2 Ka4 59. Kc1 Rc5+ 60. Kb1 Rc2 {[%emt 0:00:00] Weighted Error Value: White=0.47/Black=0.06 (flawless)} 0-1

[Event "Cattolica Chess Festival 2022"]
[Site "Cattolica"]
[Date "2022.06.06"]
[Round "3.3"]
[White "Trost, Edvin"]
[Black "Milikow, Yoav"]
[Result "1/2-1/2"]
[ECO "E11"]
[WhiteElo "2366"]
[BlackElo "2410"]
[Annotator "TA"]
[PlyCount "46"]
[EventDate "2022.06.04"]
[EventCountry "ITA"]
[SourceTitle "playchess.com"]
[Source "ChessBase"]
[SourceQuality "1"]
[TimeControl "5400+30"]

1. d4 Nf6 2. Nf3 d5 3. c4 e6 4. g3 Bb4+ 5. Bd2 a5 6. Bg2 O-O 7. Qc2 c5 {[%emt 0:00:26] E11: Bogo-Indian.} 8. cxd5 {[%emt 0:00:17] 8.cxd5 scores better than 8.dxc5.} cxd4 9. Nxd4 Qb6 {[%emt 0:00:26] White is slightly better.} 10. e3 exd5 11. O-O Nc6 12. Nxc6 bxc6 13. Rc1 Rb8 14. Bxb4 Qxb4 15. b3 Be6 16. Nc3 c5 17. Ne2 Rfc8 18. Nf4 c4 19. bxc4 Rxc4 20. Qd1 Rbc8 {[%emt 0:02:10] [#]} 21. Bf1 $146 ({Predecessor:} 21. Rab1 Bf5 22. Nxd5 Bxb1 23. Rxc4 Qxc4 24. Ne7+ Kf8 25. Nxc8 Qd3 26. Qc1 g6 27. Bf1 {1-0 (39) Vidit,S (2723)-Abdusattorov,N (2661) Chess.com INT 2022}) 21... Bg4 22. Be2 (22. Nxd5 $14 Nxd5 23. Rxc4 Rxc4 24. Qxd5) 22... Bxe2 $11 23. Nxe2 g6 {[%emt 0:01:07] Weighted Error Value: White=0.07 (flawless) /Black=0.06 (flawless)} 1/2-1/2

[Event "Cattolica Chess Festival 2022"]
[Site "Cattolica"]
[Date "2022.06.06"]
[Round "3.4"]
[White "Kolb, Tobias"]
[Black "Schmider, Niklas"]
[Result "0-1"]
[ECO "E51"]
[WhiteElo "2345"]
[BlackElo "2393"]
[Annotator "TA"]
[PlyCount "90"]
[EventDate "2022.06.04"]
[EventCountry "ITA"]
[SourceTitle "playchess.com"]
[Source "ChessBase"]
[SourceQuality "1"]
[TimeControl "5400+30"]

1. d4 Nf6 2. c4 e6 3. Nc3 Bb4 4. e3 O-O 5. Bd2 d5 6. Nf3 Nbd7 7. cxd5 {[%emt 0:06:39] 7.Rc1 is setting a new trend. E51: Nimzo-Indian: Rubinstein: 4...0-0 5 Nf3 d5.} exd5 8. Bd3 c6 9. O-O {[%emt 0:00:25] The position is equal.} Re8 10. Qc2 Bd6 11. Rfe1 Nf8 12. h3 {[%emt 0:07:40] Against Bg4} Ng6 13. Rad1 {[%emt 0:11:37] [#]} Bd7 $146 ({Predecessor:} 13... Be6 14. a3 Qc8 15. e4 Bf4 16. e5 Nh5 17. Bxg6 hxg6 18. Bxf4 Nxf4 19. Qd2 Nh5 {1-0 (60) De Miguel Fernandez,B-Prieto Perez,R Gijon 2000}) 14. a3 Qc7 15. Rc1 Rac8 16. b4 Qb8 17. Ng5 Re7 18. Qb1 Rce8 19. a4 Nf8 ({Better is} 19... Bh2+ $15 20. Kh1 Bc7) 20. b5 $11 Qd8 21. e4 dxe4 (21... h6 $11 {remains equal.}) 22. Ncxe4 $16 (22. Ngxe4 {is more complex.} Nxe4 23. Nxe4 Qb8 24. g3) 22... Nxe4 23. Bxe4 (23. Nxe4 $16 Qb8 24. Nc5 (24. Nxd6 Rxe1+ 25. Rxe1 Rxe1+ 26. Qxe1 Qxd6 $14)) 23... cxb5 {[%emt 0:07:55] [#] Strongly threatening ...h6.} 24. Bxh7+ Kh8 25. Bd3 (25. axb5 g6 26. Nxf7+ (26. Rxe7 Rxe7 27. Bxg6 Nxg6 $17) 26... Rxf7 27. Rxe8 Qxe8 28. Bxg6 Nxg6 29. Qxg6 Qe6 30. Qxe6 Bxe6 $17) 25... f6 (25... bxa4 $14 26. Rxe7 Rxe7) 26. Ne4 $36 {[%emt 0:01:37][%mdl 2048] White is on the roll.} Ba3 27. Rc3 ({Worse is} 27. axb5 Bxc1 28. Rxc1 Bf5 $15) 27... b4 28. Rc5 {[%emt 0:00:03] [#] And now Nd6 would win.} Be6 29. Bb5 ({Reject} 29. Bxb4 $6 Bxb4 30. Qxb4 Bd5 $11) 29... Qxd4 $2 30. Bxe8 Rxe8 31. Be3 Qd7 32. Rh5+ Kg8 33. Nc5 (33. Bxa7 $16 {Black must now prevent Rb5.} Qxa4 34. Bc5) 33... Qf7 $14 34. Rh4 Ba2 35. Qd3 (35. Qa1 $1 $14) 35... b3 $15 {[%emt 0:00:00][%cal Bb4b3,Bb3b2][%mdl 1056] Black has compensation.} 36. Ne4 (36. Rd1 $15) 36... Ng6 $19 37. Rh5 Ne5 ({Stronger than} 37... Nf4 38. Bxf4 Qxh5 39. Be3) 38. Qe2 (38. Rxe5 {is a better defense.} Rxe5 39. Bf4) 38... b2 {[%emt 0:00:00] aiming for ...Bc4. The board is on fire.} 39. Nc3 (39. Nd2 {was called for.}) 39... Bc4 40. Qd1 Bb4 $2 {[%emt 0:00:00] A strong pair of Bishops.} (40... Nd3 $19 {and Black stays clearly on top.} 41. Rf1 Bb4) 41. Rxe5 $17 Rxe5 42. Qc2 Bd5 {[%emt 0:00:20] Black is more active.} 43. Rb1 $2 (43. Qxb2 $17 a5 44. Rd1) 43... Bxc3 $19 44. Qxc3 Qg6 45. Qc8+ Kh7 {[%emt 0:00:29] Weighted Error Value: White=0.61/Black=0.38} 0-1

[Event "Cattolica Chess Festival 2022"]
[Site "Cattolica"]
[Date "2022.06.06"]
[Round "3.5"]
[White "Buksa, Nataliya"]
[Black "Bernadskiy, Vitaliy"]
[Result "1/2-1/2"]
[ECO "B15"]
[WhiteElo "2406"]
[BlackElo "2636"]
[Annotator "TA"]
[PlyCount "96"]
[EventDate "2022.06.04"]
[EventCountry "ITA"]
[SourceTitle "playchess.com"]
[Source "ChessBase"]
[SourceQuality "1"]
[TimeControl "5400+30"]

1. e4 c6 2. d4 d5 3. Nc3 dxe4 4. Nxe4 Nf6 5. Nxf6+ exf6 6. c3 Bd6 7. Bd3 Na6 {[%emt 0:00:04] B15: Caro-Kann: 3 Nc3: 3...g6 and 3...dxe4 4 Nxe4 Nf6 5 Nxf6+ exf6.} 8. Ne2 Nc7 9. O-O h5 10. Re1 Kf8 11. Ng3 h4 12. Nf5 {[%emt 0:05:37] White is more active.} (12. Ne4 $16) 12... Bxf5 $11 13. Bxf5 g6 14. Bc2 Kg7 15. Qf3 {[%emt 0:04:52] [#]} Qd7 $146 ({Predecessor:} 15... a5 16. a4 Nd5 17. Bb3 Rh5 18. Bxd5 cxd5 19. Qh3 Rf5 20. b3 Rc8 21. Bd2 Qc7 {0-1 (44) Petriashvili,N (2425)-Lortkipanidze,N (2416) Tbilisi 2021}) 16. Bd2 a5 17. Rad1 Rae8 18. Rxe8 Rxe8 19. c4 Bb4 20. Be3 Be7 21. Qf4 {[%emt 0:15:46] White wants to play d5.} Rh8 22. h3 b5 23. b3 (23. d5 $5 cxd5 24. cxd5 $14) 23... a4 24. d5 cxd5 25. cxb5 Nxb5 26. Qxa4 {[%emt 0:04:28] Black must now prevent Bd3.} Qc8 27. Qxb5 Qxc2 28. Rd2 $36 {[%emt 0:00:02][%mdl 2048] White has the initiative.} (28. Qxd5 Rd8 29. Qxd8 Bxd8 30. Rxd8 Qxa2 $17) 28... Qb1+ 29. Qf1 Qf5 30. Qd3 Qe5 31. a4 (31. Qxd5 Qa1+ 32. Rd1 Qxa2 $11) (31. Rd1 $16) 31... Rc8 {[%emt 0:00:00][%cal Od5d4,Bh8c8,Bc8c2,Bc2c1,Bc1g1][%mdl 32] Hoping for ...d4!} 32. Rd1 Bd6 33. Qxd5 Qh2+ 34. Kf1 Rc2 35. Rd2 Rc1+ (35... Qh1+ $2 36. Ke2 Rxd2+ 37. Bxd2 $18 (37. Qxd2 Be5 $16)) 36. Ke2 {[%emt 0:00:00] Rd4 is the strong threat.} Bf4 $1 (36... Bb4 37. Rd4 Rc2+ 38. Kf3 $16) 37. Bxf4 Qxf4 {[%emt 0:00:00][%mdl 4096] Endgame KQR-KQR} 38. Qd4 Qh2 39. Kf3 (39. Rd1 $11 {remains equal.} Rc6 40. Kf3 (40. Qxh4 Rc2+ 41. Rd2 Qe5+ 42. Kd1 Rxd2+ 43. Kxd2 Qb2+ 44. Ke1 Qc1+ 45. Ke2 Qc2+ 46. Ke3 Qxb3+ 47. Kd2 Qb2+ 48. Ke1 Qb1+ 49. Kd2 Qb2+ 50. Ke3 Qb3+ 51. Ke2 Qc2+ 52. Ke3 Qb3+ $11)) 39... Rg1 $17 {[%emt 0:00:00][%mdl 1024] Black has strong compensation.} 40. Qg4 ({Avoid the trap} 40. Qxh4 $2 Qxg2+ 41. Ke3 Re1+ 42. Re2 Rc1 $19) 40... f5 (40... Qb8 $5 41. Rd3 g5 $11) 41. Qg5 {[%emt 0:00:00][%mdl 8192] [#]} (41. Qd4+ $11 {and White is okay.} f6 42. Qxh4 (42. Ke3 $2 Qxg2 43. Qxh4 Re1+ 44. Kd3 Rc1 $17) 42... Qxg2+ 43. Ke2 Qf1+ 44. Kf3 Qg2+ 45. Ke2 Qf1+ 46. Kf3 Qg2+) 41... Qb8 $2 ({Black should play} 41... Rxg2 $1 $19 42. Qxg2 Qe5) 42. Qe3 $11 {[%emt 0:01:22] The position is equal.} Qb7+ 43. Ke2 {[%emt 0:00:05] Strongly threatening Qd4+.} Qxg2 {[%emt 0:00:55] ( -> ...Qf1+)} 44. Qd4+ f6 {[%emt 0:00:45] Threatens to win with ...Qf1+.} 45. Qxh4 {[%emt 0:00:05] Threatening mate with Rd7+.} Qf1+ 46. Kf3 Qg2+ 47. Ke2 $1 {[%emt 0:00:03] Rd7+ would kill now. Really sharp!} Qf1+ 48. Kf3 {[%emt 0:05:02] White wants to mate with Rd7+.} Qg2+ {[%emt 0:00:08] Weighted Error Value: White=0.27 (precise) /Black=0.17 (very precise)} 1/2-1/2

[Event "Cattolica Chess Festival 2022"]
[Site "Cattolica"]
[Date "2022.06.06"]
[Round "3.6"]
[White "Harshita Guddanti"]
[Black "Safarli, Eltaj"]
[Result "0-1"]
[ECO "C61"]
[WhiteElo "2208"]
[BlackElo "2600"]
[Annotator "TA"]
[PlyCount "48"]
[EventDate "2022.06.04"]
[EventCountry "ITA"]
[SourceTitle "playchess.com"]
[Source "ChessBase"]
[SourceQuality "1"]
[TimeControl "5400+30"]

1. e4 e5 2. Nf3 Nc6 3. Bb5 Nd4 4. Bc4 Nxf3+ 5. Qxf3 Nf6 6. d4 {[%emt 0:00:00] C61: Ruy Lopez: Bird's Defence.} exd4 {[%emt 0:01:35] [#]} 7. e5 $146 {[%emt 0:00:00] [#] Inhibits Bd6.} (7. O-O $11) ({Predecessor:} 7. O-O d6 8. Qb3 Qe7 9. Bg5 h6 10. Bxf6 Qxf6 11. f4 Be7 12. e5 Qg6 13. f5 Bxf5 {0-1 (41) Ndirangu,R-Donmez,U (1915) Tornelo INT 2020}) 7... d5 $1 $15 8. exf6 {[%emt 0:00:00][%cal Oc1g5] Black must now prevent Bg5! Black is slightly better.} dxc4 9. Bg5 Qd6 ({Don't do} 9... Bb4+ 10. c3 dxc3 11. Nxc3 $11 (11. bxc3 O-O $14)) 10. O-O $1 {[%emt 0:00:00] Threatens to win with Re1+.} Qc6 11. Qf4 Be6 12. Qxd4 {[%emt 0:00:00] [#]} (12. Nd2 $17) 12... Bc5 $2 (12... Rg8 $1 $19 13. Rd1 Bc5) 13. Qc3 g6 14. Rd1 O-O 15. Qg3 Bf5 (15... Rfe8 $5 16. Nc3 Bf5 $17) 16. Nd2 Bxc2 17. Rdc1 Bd3 {[%emt 0:00:09] Hoping for ...Rfe8.} 18. Nxc4 Bxc4 {[%emt 0:00:08] This bishop pair is nice.} 19. Qh4 $1 {[%emt 0:00:30] White wants to mate with Qh6.} Rfe8 20. Rxc4 Qd5 {[%emt 0:03:17] And now ...Re2 would win.} 21. Rf1 $2 (21. Be3 $1 $11 Rad8 22. Rf1) 21... Re2 $40 {[%emt 0:00:20][%cal Oe2f2][%mdl 128] Strongly threatening ...Rxf2! Black is out for blood.} 22. b3 $2 {[%emt 0:00:40][%mdl 8192] [#]} (22. Rcc1 $17) 22... Rae8 $2 (22... Rxf2 $1 $19 23. Qxf2 Bxf2+ 24. Rxf2 Qxg5 25. Rxc7 Re8) 23. Rf4 $2 (23. Qh6 $17 Bf8 24. Qh4) 23... Re1 24. Qg4 Rxf1+ {[%emt 0:00:06] Weighted Error Value: White=0.66/Black=0.50} 0-1